 Dungeon Crawl Stone Soup version 0.26.0-16-gc1dbca0489 (webtiles) character file.

Game seed: 3924571704731666954

268 FancyManDan the Insei (level 6, -1/36 HPs)
             Began as a Vampire Transmuter on Jan 20, 2021.
             Slain by a scorpion (2 damage)
             ... on level 4 of the Dungeon.
             The game lasted 00:19:45 (5271 turns).

FancyManDan the Insei (Vampire Transmuter)          Turns: 5271, Time: 00:19:45

Health: -1/36      AC:  6    Str:  9    XL:     6   Next: 1%
Magic:  10/10      EV: 11    Int: 15    God:
Gold:   141        SH:  0    Dex: 17    Spells: 8/11 levels left

rFire    . . .     SeeInvis +     - Unarmed
rCold    + + .     Faith    .   (no shield)
rNeg     + + +     Spirit   .   f - +0 ring mail (curse)
rPois    ∞         Reflect  .   c - +0 helmet
rElec    .         Harm     .   (no cloak)
rCorr    .         Rampage  .   (no gloves)
Will     .....                  (no boots)
Stlth    ++++......             (no amulet)
HPRegen  0.00/turn              (no ring)
MPRegen  0.12/turn              (no ring)

@: bloodless
A: fangs 3, see invisible, unbreathing
a: Bat Form, Revivify


You were on level 4 of the Dungeon.
You visited 1 branch of the dungeon, and saw 4 of its levels.

You collected 141 gold pieces.

Inventory:

Armour
 c - a +0 helmet (worn)
 f - a cursed +0 ring mail (worn)
Scrolls
 e - a scroll of identify
 g - a scroll of enchant weapon
 h - a scroll of fog
 k - a scroll of enchant armour
 l - a scroll of immolation {unknown}
Potions
 b - 2 potions of flight
 d - a potion of invisibility {unknown}
 i - a potion of attraction {unknown}
 j - a potion of berserk rage {unknown}
 m - a potion of experience {unknown}


   Skills:
 + Level 2.3 Fighting
 + Level 3.5 Dodging
 + Level 3.7 Stealth
 + Level 4.3 Unarmed Combat
 - Level 3.0 Spellcasting
 + Level 2.9 Transmutations


You had 8 spell levels left.
You knew the following spells:

 Your Spells              Type           Power        Failure   Level
a - Beastly Appendage     Tmut           22%          17%         1
b - Wereblood             Tmut           11%          26%         2

Your spell library contained the following spells:

 Spells                   Type           Power        Failure   Level
 Spider Form              Tmut/Pois      3%           67%         3
 Ice Form                 Ice/Tmut       6%           97%         4
 Blade Hands              Tmut           5%           99%         5


Dungeon Overview and Level Annotations

Branches:
Dungeon (4/15)
 Temple: D:4-7

Altars:
Dithmenos
Elyvilon
Makhleb
The Shining One


Innate Abilities, Weirdness & Mutations

You do not regenerate when monsters are visible.
You are frail without blood (-20% HP).
You can heal yourself when you bite living creatures.
You are immune to poison.
You have razor-sharp teeth.
You have supernaturally acute eyesight. (SInv)
You can survive without breathing.


Message History

The scorpion is almost dead.
The scorpion stings you.
* * * LOW HITPOINT WARNING * * *
You hit the scorpion.
The scorpion is almost dead.
The scorpion stings you.
* * * LOW HITPOINT WARNING * * *
You feel better. The scorpion stings you!
* * * LOW HITPOINT WARNING * * *
You closely miss the scorpion.
The scorpion is almost dead.
The scorpion stings you but does no damage.
You barely miss the scorpion.
The scorpion is almost dead.
The scorpion stings you.
* * * LOW HITPOINT WARNING * * *
You barely miss the scorpion.
The scorpion is almost dead.
The scorpion stings you.
You die...

#####....####..#########........#
... #....# #..# #........# ...
#....# #..#########........# ...
#....# #..#................# ...
##.### #..#.######.........# ...
... #..#.# #.........# ... ...
...#.# #.######### ... ... #.#
#.# ... #@# #.# ### #s# #.# ..#
#.# .### .. #. #? # # #


You could see a scorpion.

Vanquished Creatures
  An orc priest (D:3)
  2 orc wizards (D:3)
  A worker ant (D:4)
  3 adders (D:3)
  2 oozes
  2 dart slugs
  4 worms
  5 leopard geckos
  18 orcs
  7 bats
  4 giant cockroaches
  3 goblins
  13 hobgoblins
  8 kobolds
  2 quokkas
  3 ball pythons
  2 frilled lizards (D:2)
  6 rats
86 creatures vanquished.

Notes
Turn   | Place    | Note
-------+----------+-------------------------------------------
     0 | D:1      | FancyManDan the Vampire Transmuter began the quest for the
                  | Orb.
     0 | D:1      | Reached XP level 1. HP: 14/14 MP: 3/3
    69 | D:1      | You fall into a shaft and drop 1 floor!
   129 | D:1      | Reached skill level 1 in Fighting
   140 | D:1      | Reached skill level 1 in Stealth
   141 | D:1      | Reached XP level 2. HP: 6/21 MP: 5/5
   145 | D:1      | Learned a level 2 spell: Wereblood
  1207 | D:2      | Found a burning altar of Makhleb.
  1452 | D:2      | Reached XP level 3. HP: 13/20 MP: 6/6
  2762 | D:3      | Reached XP level 4. HP: 24/25 MP: 8/8
  3124 | D:3      | Found a glowing golden altar of the Shining One.
  3595 | D:3      | Reached skill level 4 in Unarmed Combat
  3595 | D:3      | Reached XP level 5. HP: 23/30 MP: 9/9
  4055 | D:3      | Found a shadowy altar of Dithmenos.
  4263 | D:3      | Noticed an orc warrior
  4810 | D:3      | Found a white marble altar of Elyvilon.
  5080 | D:4      | Noticed an ogre
  5115 | D:4      | Reached XP level 6. HP: 30/36 MP: 10/10
  5270 | D:4      | HP: 1/36 [scorpion (2)]
  5271 | D:4      | Slain by a scorpion

Illustrated notes

Levels and vault maps discovered:
D:1:      psy_arrival_terrarium, layout_basic
D:2:      minmay_diamond_boxcup, layout_loops_ring, lemuel_round_altar,
          st_stairs_1
D:3:      layout_basic, lemuel_round_altar, marbit_many_paths,
          minmay_statues_item, tso_metal_star
D:4:      cheibrodos_greedy_goblins, layout_basic

Skill      XL: |  1  2  3  4  5 |
---------------+----------------+-----
Fighting       | 1 2 |  2.3
Stealth        | 1 2 3 |  3.7
Spellcasting   | 3 |  3.0
Dodging        | 3 |  3.5
Unarmed Combat | 4 |  4.3
Transmutations | |  2.9

Action                   |  1- 3 |  4- 6 || total
-------------------------+-------+-------++-------
Melee: Unarmed           |   164 |   265 ||   429
       Kick              |     8 |       ||     8
       Bite              |    17 |    25 ||    42
       Headbutt          |     3 |       ||     3
       Punch             |     2 |     4 ||     6
 Cast: Beastly Appendage |     7 |       ||     7
 Abil: Exsanguinate      |     1 |       ||     1
  Use: Scroll            |       |     4 ||     4
       Potion            |       |     3 ||     3
 Stab: Sleeping          |     8 |     8 ||    16
Armor: Robe              |     4 |       ||     4
       Ring mail         |    34 |    63 ||    97
       Leather armour    |     1 |       ||     1
Dodge: Dodged            |    60 |   111 ||   171
